 Dungeon Crawl Stone Soup version 0.30-a0-1124-g6e8f0f562f (webtiles) character file.

Game seed: 2647225880660222021

463 bande the Covered (level 7, 0/43 HPs)
             Began as a Gargoyle Fighter on Apr 24, 2023.
             Was an Initiate of Okawaru.
             Slain by a gnoll
             ... wielding a +0 halberd
             ... led by a gnoll bouda
              (3 damage)
             ... on level 5 of the Dungeon.
             The game lasted 00:09:37 (4598 turns).

bande the Covered (Gargoyle Fighter)                Turns: 4598, Time: 00:09:38

Health: 0/43       AC: 17    Str: 20    XL:     7   Next: 7%
Magic:  0/7        EV:  5    Int:  8    God:    Okawaru [......]
Gold:   163        SH:  5    Dex: 11    Spells: 6/6 levels left

rFire   . . .        a - +0 war axe
rCold   . . .        c - +0 buckler
rNeg    + . .        h - +0 plate armour
rPois   ∞            m - +1 hat
rElec   +            (no cloak)
rCorr   .            (no gloves)
SInv    .            (no boots)
Will    .....        b - amulet of guardian spirit Stlth
                     (no ring)
HPRegen 0.27/turn    (no ring)
MPRegen 0.10/turn

%: guardian spirit
@: mighty, studying Summonings
A: sickness immunity, AC +4, negative energy resistance 1, electricity
resistance, torment resistance 1, petrification resistance
a: Renounce Religion


You were on level 5 of the Dungeon.
You worshipped Okawaru.
Okawaru was noncommittal.
You visited 2 branches of the dungeon, and saw 6 of its levels.

You collected 185 gold pieces.
You spent 22 gold pieces at shops.

Inventory:

Hand Weapons
 a - a +0 war axe (weapon)
 B - a +0 morningstar
Armour
 c - a +0 buckler (worn)
 h - a +0 plate armour (worn)
 m - a +1 hat (worn)
 y - a +0 helmet
Jewellery
 b - an amulet of guardian spirit (around neck)
 g - a ring of ice
 q - a ring of positive energy
Wands
 n - a wand of quicksilver (14)
 v - a wand of flame (17)
 x - a wand of roots (6)
Scrolls
 l - a scroll of fog
 p - a scroll of blinking
 r - a scroll of teleportation
 u - a scroll of fear {unknown}
Potions
 e - 2 potions of resistance
 f - 3 potions of heal wounds
 i - a potion of mutation {unknown}
 k - 2 potions of brilliance
 o - 5 potions of curing {unknown}
 s - a potion of ambrosia {unknown}
 t - a potion of magic {unknown}
 w - 2 potions of haste {unknown}
 z - a potion of lignification {unknown}
 A - a potion of berserk rage {unknown}


   Skills:
 + Level 4.2 Fighting
 + Level 4.2 Axes
 + Level 4.8 Armour
 + Level 4.4 Shields
 * Level 1.2 Invocations
 * Level 1.9 Evocations


You had 6 spell levels left.
You didn't know any spells.
Your spell library contained the following spells:

 Spells                   Type           Power      Damage    Failure   Level
 Ozocubu's Armour         Ice            0%         N/A       100%        3
 Metabolic Englaciation   Hex/Ice        0%         N/A       100%        5
 Simulacrum               Ice/Necr       Unusable   N/A       N/A         6

Dungeon Overview and Level Annotations

Branches:
Dungeon (5/15)             Temple (1/1) D:4

Altars:
Ashenzari
Cheibriados
Elyvilon
Hepliaklqana
Kikubaaqudgha
Makhleb
Nemelex Xobeh
Okawaru
Qazlal
Sif Muna
Zin
The Shining One

Shops:
D:1 !   D:3 **(


Innate Abilities, Weirdness & Mutations

You are immune to sickness and miasma.
Your stone body is resilient. (AC +4)
You are immune to poison.
You resist negative energy. (rN+)
You are resistant to electric shocks. (rElec)
You are resistant to unholy torment.
You are immune to petrification.


Message History

You slash the gnoll bouda!
The gnoll bouda is heavily wounded.
You closely miss the gnoll. You barely miss the gnoll.
You block the gnoll's attack. The gnoll barely misses you.
The gnoll hits you from afar with a +0 spear.
The gnoll barely misses you.
The gnoll bouda hits you but does no damage.
You block the gnoll's attack.
You slash the gnoll bouda!
You kill the gnoll bouda!
Okawaru accepts your kill.
You hit the gnoll. You barely miss the gnoll.
The gnoll hits you with a +0 flail. You block the gnoll's attack.
The gnoll hits you from afar with a +0 spear.
The gnoll hits you from afar with a +0 halberd of freezing.
The gnoll freezes you. You block the gnoll's attack. x2
The gnoll hits you from afar with a +0 halberd!
* * * LOW HITPOINT WARNING * * *
The gnoll hits you but does no damage.
The gnoll hits you with a +0 halberd of freezing.
* * * LOW HITPOINT WARNING * * *
The gnoll freezes you.
* * * LOW HITPOINT WARNING * * *
A white imp comes into view.
The gnoll hits you but does no damage. x3
There is a stone staircase leading down, spattered with blood here.
Things that are here:
a +0 whip; a +0 leather armour You slash the gnoll!
The gnoll is heavily wounded.
You slash the gnoll!
You kill the gnoll!
Okawaru accepts your kill.
You hit the gnoll. x2; You barely miss the gnoll.
You block the gnoll's attack. The gnoll hits you with a +0 spear.
* * * LOW HITPOINT WARNING * * *
The gnoll hits you with a +0 flail.
* * * LOW HITPOINT WARNING * * *
The gnoll hits you with a +0 halberd.
You die...

#..#
♣≈.≈...≈.≈♣..
#..# ♣≈.≈._.≈.≈♣
##.# ♣≈.≈...≈.≈♣
#.##♣≈..≈≈≈..≈♣
#..#♣.≈≈≈≈≈≈≈.♣
##..♣.......
###...:♣♣♣♣♣♣♣♣
#.......†......
#..#....g@)......
.# #....ggg...>..
#......l.......
#...............
#...............
................
.5.............
...............


You could see an iguana, 4 gnolls and a white imp.

Vanquished Creatures
  2 electric eels (D:3)
  A jelly (D:5)
  A gnoll bouda (D:5)
  Jessica (D:2)
  Ijyb (D:4)
  Natasha (thrice) (D:3)
  Robin (D:4)
  4 gnolls
  8 adders
  An ufetubus (D:4)
  A worm (D:2)
  3 dart slugs
  5 orcs
  8 bats
  5 endoplasms
  3 giant cockroaches
  11 goblins
  4 hobgoblins (D:4)
  3 jackals (D:1)
  3 quokkas
  6 ball pythons
  2 frilled lizards
  4 kobolds
  4 rats
85 creatures vanquished.

Vanquished Creatures (others)
  A plant (D:3)
1 creature vanquished.

Grand Total: 86 creatures vanquished

Notes
Turn   | Place    | Note
-------+----------+-------------------------------------------
     0 | D:1      | bande the Gargoyle Fighter began the quest for the Orb.
     0 | D:1      | Reached XP level 1. HP: 14/14 MP: 1/1
   138 | D:1      | Found Zitaji's Distillery.
   190 | D:1      | Reached XP level 2. HP: 19/19 MP: 2/2
   424 | D:1      | Bought 2 potions of degeneration for 22 gold pieces
   736 | D:2      | Reached XP level 3. HP: 21/23 MP: 3/3
   847 | D:2      | Noticed Jessica
   851 | D:2      | Killed Jessica
   852 | D:2      | Reached XP level 4. HP: 23/28 MP: 4/4
  1421 | D:3      | Found Edoos's Weapon Emporium.
  1496 | D:3      | Found a transporter.
  1510 | D:3      | Found a transporter.
  1533 | D:3      | Found Ter Hik's General Store.
  1609 | D:3      | Noticed Natasha
  1618 | D:3      | Killed Natasha
  1619 | D:3      | Reached XP level 5. HP: 8/33 MP: 5/5
  1732 | D:3      | Noticed Natasha
  1742 | D:3      | Killed Natasha
  1809 | D:3      | Reached skill level 1 in Evocations
  1976 | D:3      | Found a sparkling altar of Nemelex Xobeh.
  2006 | D:3      | Noticed Natasha
  2014 | D:3      | Killed Natasha
  2098 | D:3      | Found Elour's Assorted Antiques.
  2277 | D:3      | Found a broken altar of Ashenzari.
  2478 | D:3      | Reached XP level 6. HP: 24/38 MP: 6/6
  2822 | D:4      | Found a staircase to the Ecumenical Temple.
  2834 | Temple   | Entered the Ecumenical Temple
  2863 | Temple   | Became a worshipper of Warmaster Okawaru
  2955 | D:4      | Noticed Ijyb
  2966 | D:4      | Killed Ijyb
  3390 | D:4      | Noticed Robin
  3402 | D:4      | Killed Robin
  3493 | D:4      | Found an ancient bone altar of Kikubaaqudgha.
  4214 | D:5      | Entered Level 5 of the Dungeon
  4232 | D:5      | Found a snail-covered altar of Cheibriados.
  4266 | D:5      | Reached skill level 1 in Invocations
  4526 | D:5      | Reached XP level 7. HP: 41/43 MP: 5/7
  4598 | D:5      | Slain by a gnoll

Illustrated notes

Levels and vault maps discovered:
D:1:      lemuel_arrival_broad_hall, layout_loops_ring, serial_shops,
          nicolae_shop_hallway_stairs, minmay_pentomino_z2
D:2:      layout_loops_ring, grunt_ministairs_14, uniq_jessica
D:3:      gammafunk_steamed_eel, layout_basic, mainiacjoe_overflow_alcove_4,
          nemelex_altar_shiori, serial_shops, shop, shop, shop, uniq_natasha
D:4:      layout_layer_cave, nicolae_kikubaaqudgha_miasma_corner,
          minmay_temple_entry_grid, uniq_robin, uniq_ijyb
D:5:      layout_cave_pods, mainiacjoe_overflow_concentric_impassable,
          mainiacjoe_overflow_paths, gammafunk_ghost_necromancy, uniq_edmund
Temple:   nicolae_temple_ecumenical_triangle

Skill      XL: |  1  2  3  4  5  6 |
---------------+-------------------+-----
Axes           | 2 3 4 |  4.2
Armour         | 4 |  4.8
Shields        | 4 |  4.4
Evocations     | 1 |  1.9
Fighting       | 4 |  4.2
Invocations    | 1 |  1.2

Action                     |  1- 3 |  4- 6 |  7- 9 || total
---------------------------+-------+-------+-------++-------
  Melee: War axe           |    71 |   189 |     6 ||   266
    Use: Scroll            |       |    10 |       ||    10
         Potion            |       |       |     1 ||     1
 Armour: Scale mail        |    18 |       |       ||    18
         Plate armour      |    74 |   153 |     9 ||   236
  Dodge: Dodged            |    33 |    42 |     6 ||    81
  Block: Buckler           |    21 |    56 |     8 ||    85

Table legend: (Time is in decaauts)
 A = Elapsed time spent in this place.
 B = Non-inter-level travel time spent in this place.
 C = Inter-level travel time spent in this place.
 D = Time resting spent in this place.
 E = Time spent auto-exploring this place.
 F = Levels seen in this place.
 G = Mean time per level.
                   A        B        C        D        E       F      G
               +--------+--------+--------+--------+--------+-----+--------+
         Total |   4704 |   4570 |    134 |    688 |   3031 |   6 |  784.0 |
       Dungeon |   4655 |   4521 |    134 |    688 |   3013 |   5 |  931.0 |
        Temple |     48 |     48 |      0 |      0 |     18 |   1 |   48.0 |
               +--------+--------+--------+--------+--------+-----+--------+

Top non-repeatable levels by time:
     D:3: 1433 daAuts
     D:4: 1393 daAuts
     D:1: 747 daAuts
     D:2: 688 daAuts
     D:5: 392 daAuts
  Temple: 48 daAuts
